 Dungeon Crawl Stone Soup version 0.31-a0-844-gdc52ec4e09 (webtiles) character file.

Game seed: 18103909545675268696

50 pop123321pop the Conjurer (level 3, 0/1 (22) HPs)
             Began as a Gargoyle Reaver on Oct 1, 2023.
             Constricted to death by a ball python (1 damage)
             ... on level 2 of the Dungeon.
             The game lasted 00:01:50 (325 turns).

pop123321pop the Conjurer (Gargoyle Reaver)          Turns: 325, Time: 00:01:51

HP:   0/1 (22)      AC:  6    Str: 15    XL:     3   Next: 79%
MP:   5/6           EV:  8    Int: 13    God:
Gold: 9             SH:  0    Dex: 10    Spells: 5/6 levels left

rFire   . . .        a - +0 mace
rCold   . . .        (no shield)
rNeg    + . .        b - +0 leather armour
rPois   ∞            (no helmet)
rElec   +            (no cloak)
rCorr   .            (no gloves)
SInv    .            (no boots)
Will    .....        (no amulet)
Stlth   +            (no ring)
HPRegen 0.20/turn    (no ring)
MPRegen 0.10/turn

%: no passive effects
@: very slightly contaminated, constricted, extremely drained
A: sickness immunity, AC +3, negative energy resistance 1, electricity
resistance, torment resistance 1, petrification resistance
a: no special abilities


You were on level 2 of the Dungeon.
You visited 1 branch of the dungeon, and saw 2 of its levels.

You collected 9 gold pieces.

Inventory:

Hand Weapons
 a - a +0 mace (weapon)
Armour
 b - a +0 leather armour (worn)
Scrolls
 c - a scroll of acquirement {unknown}
 d - a scroll of identify {unknown}
 e - a scroll of enchant armour {unknown}


   Skills:
 + Level 2.7 Fighting
 + Level 3.3 Maces & Flails
 + Level 2.0 Dodging
 + Level 2.4 Spellcasting
 + Level 3.7 Conjurations


You had 5 spell levels left.
You knew the following spells:

 Your Spells              Type           Power      Damage    Failure   Level
a - Kiss of Death         Conj/Necr      24%        2d7       14%         1

Your spell library contained the following spells:

 Spells                   Type           Power      Damage    Failure   Level
 Momentum Strike          Conj/Tloc      12%        3d8       22%         2
 Hailstorm                Conj/Ice       6%         3d4       38%         3


Dungeon Overview and Level Annotations

Branches:
Dungeon (2/15)

Altars:


Innate Abilities, Weirdness & Mutations

You are immune to sickness and miasma.
Your stone body is resilient. (AC +3)
You are immune to poison.
You resist negative energy. (rN+)
You are resistant to electric shocks. (rElec)
You are resistant to unholy torment.
You are immune to petrification.


Message History

Press: ? - help, Shift-Dir - straight line, f - goblin
Aim: a goblin, wielding a +0 club (100% to hit)
You miscast Kiss of Death.
You are very lightly contaminated with residual magic.
Nothing appears to happen.
The goblin barely misses you.
Casting: Kiss of Death (safe; 14% risk of failure)
Confirm with . or Enter, or press ? or * to list all spells.
Aiming: Kiss of Death (safe; 14% risk of failure)
Press: ? - help, Shift-Dir - straight line, f/p - goblin
Aim: a goblin, wielding a +0 club (100% to hit)
The negative energy hits the goblin!
The goblin is drained!
You kill the goblin!
You feel drained.
No target in view!
Unknown command.
No target in view!
Your magical contamination has completely faded away.
Things that are here:
a +0 club; a goblin corpse
e - a scroll labelled ZYUMEU RANAU A ball python comes into view.
The ball python hisses angrily.
A ball python is nearby!
A ball python is nearby!
A ball python is nearby!
A ball python is nearby!
The ball python misses you. The ball python closely misses you. x2
The ball python barely misses you.
Casting: Kiss of Death (safe; 14% risk of failure)
Confirm with . or Enter, or press ? or * to list all spells.
Aiming: Kiss of Death (safe; 14% risk of failure)
Press: ? - help, Shift-Dir - straight line, f - ball python
Aim: a ball python (100% to hit)
You miscast Kiss of Death.
You are very lightly contaminated with residual magic.
Nothing appears to happen.
The ball python bites you but does no damage.
The ball python grabs you. The ball python constricts you.
Ouch! That really hurt!
You die...

##..###..#.#
##....#.#.#
####...#.# ##..#.# #
#....#### # ##......#
####### #...##.#
.......
##..##.#######
####### #...#.@S....#
.............#
##.#.........#
#.##........# #.
#........#
##.....#...........#
##..................#
#...................#
# #............


You could see a ball python.

Vanquished Creatures
  Jessica (D:2)
  An adder (D:2)
  3 goblins
  A hobgoblin (D:2)
  4 jackals (D:2)
  A quokka (D:2)
  A ball python (D:2)
  A bat (D:2)
  A kobold (D:2)
  A rat (D:2)
15 creatures vanquished.

Notes
Turn   | Place    | Note
-------+----------+-------------------------------------------
     0 | D:1      | pop123321pop the Gargoyle Reaver began the quest for the
                  | Orb.
     0 | D:1      | Reached XP level 1. HP: 12/12 MP: 3/3
    47 | D:1      | You fall into a shaft and drop 1 floor!
    90 | D:2      | Reached XP level 2. HP: 8/14 MP: 3/5
   148 | D:2      | Noticed Jessica
   154 | D:2      | Killed Jessica
   155 | D:2      | Reached XP level 3. HP: 8/19 MP: 3/6
   325 | D:2      | Constricted to death by a ball python

Illustrated notes

Levels and vault maps discovered:
D:1:      dpeg_arrival_pits, layout_loops_corners, ebering_ecumenical_altar_webs
D:2:      layout_rooms, kennysheep_pointless_box, minmay_box_of_dots,
          uniq_jessica, uniq_robin

Skill      XL: |  1  2 |
---------------+-------+-----
Dodging        | 2 |  2.0
Fighting       | |  2.7
Maces & Flails | |  3.3
Spellcasting   | |  2.4
Conjurations   | |  3.7

Action                     || total
---------------------------++-------
  Melee: Mace              ||    21
   Cast: Kiss of Death     ||    10
 Armour: Leather armour    ||    51
  Dodge: Dodged            ||    72

Table legend: (Time is in decaauts)
 A = Elapsed time spent in this place.
 B = Non-inter-level travel time spent in this place.
 C = Inter-level travel time spent in this place.
 D = Time resting spent in this place.
 E = Time spent auto-exploring this place.
 F = Levels seen in this place.
 G = Mean time per level.
                   A        B        C        D        E       F      G
               +--------+--------+--------+--------+--------+-----+--------+
         Total |    329 |    329 |      0 |     48 |    204 |   2 |  164.5 |
       Dungeon |    329 |    329 |      0 |     48 |    204 |   2 |  164.5 |
               +--------+--------+--------+--------+--------+-----+--------+

Top non-repeatable levels by time:
     D:2: 282 daAuts
     D:1: 47 daAuts
